 Dungeon Crawl Stone Soup version 0.28-a0-1213-g0243856f03 (webtiles) character file.

Game seed: 14613123623772712858

1259 Redcow54321 the Carver (level 8, -1/68 HPs)
             Began as a Deep Dwarf Fighter on Dec 22, 2021.
             Slain by an iguana (5 damage)
             ... on level 5 of the Dungeon.
             The game lasted 00:09:59 (3720 turns).

Redcow54321 the Carver (Deep Dwarf Fighter)         Turns: 3720, Time: 00:10:00

Health: -1/68      AC:  7    Str: 22    XL:     8   Next: 27%
Magic:  4/4        EV: 10    Int:  9    God:
Gold:   182        SH:  4    Dex: 12    Spells: 7/7 levels left

rFire   . . .      SeeInvis .   a - +2 long sword
rCold   . . .      Faith    .   c - +0 buckler
rNeg    . . .      Spirit   .   e - +2 ring mail {rPois}
rPois   +          Reflect  .   (no helmet)
rElec   .          Harm     .   (no cloak)
rCorr   .          Rampage  .   (no gloves)
Will    +....                   (no boots)
Stlth   +.........              (no amulet)
HPRegen 0.00/turn               (no ring)
MPRegen 0.09/turn               (no ring)

@: no status effects
A: damage resistance, heal wounds, sense surroundings 1, no regeneration
a: Heal Wounds


You were on level 5 of the Dungeon.
You visited 2 branches of the dungeon, and saw 6 of its levels.

You collected 182 gold pieces.

Inventory:

Hand Weapons
 a - a +2 long sword (weapon)
Armour
 b - a +0 scale mail
 c - a +0 buckler (worn)
 e - a +2 ring mail of poison resistance (worn)
Potions
 f - a potion of heal wounds {unknown}
 g - 2 potions of flight
 h - a potion of haste {unknown}
 i - a potion of degeneration {unknown}
 j - a potion of resistance {unknown}
 k - a potion of brilliance {unknown}
 l - a potion of lignification


   Skills:
 - Level 2.6 Fighting
 * Level 10.2 Long Blades
 - Level 3.2 Armour
 - Level 3.2 Shields


You had 7 spell levels left.
You didn't know any spells.
Your spell library contained the following spells:

 Spells                   Type           Power      Damage    Failure   Level
 Shock                    Conj/Air       0%         1d3       56%         1
 Ignite Poison            Fire/Tmut/Pois 0%         N/A       91%         3
 Mephitic Cloud           Conj/Pois/Air  0%         N/A       91%         3
 Swiftness                Air            0%         N/A       91%         3
 Airstrike                Air            0%         N/A       100%        4
 Leda's Liquefaction      Hex/Erth       0%         N/A       100%        4
 Freezing Cloud           Conj/Ice/Air   0%         6-21      100%        5
 Lee's Rapid Deconstruct  Erth           0%         3d5*      100%        5
 Statue Form              Tmut/Erth      0%         N/A       100%        6
 Borgnjor's Revivificati  Necr           0%         N/A       100%        8
 Necromutation            Tmut/Necr      0%         N/A       100%        8
 Death's Door             Necr           0%         N/A       100%        9


Dungeon Overview and Level Annotations

Branches:
Dungeon (5/15)             Temple (1/1) D:5

Altars:
Dithmenos
Fedhas
Gozag
Kikubaaqudgha
Okawaru
Ru
Xom

Shops:
D:3 *   D:5 [

Annotations:
D:5 Eustachio


Innate Abilities, Weirdness & Mutations

You are resistant to damage.
You can heal yourself by infusing magical energy.
You passively map a small area around you.
You do not regenerate.


Message History

The hound barely misses you.
You closely miss the hound.
The hound is heavily wounded.
The hound bites you but does no damage. The hound closely misses you.
You barely miss the hound.
The hound is heavily wounded.
The hound bites you but does no damage.
You slash the hound!
You kill the hound!
Things that are here:
a +0 flail; a +0 dagger; a +0 leather armour
Things that are here:
a +0 whip; a +0 ring mail
Things that are here:
a +0 flail; a +0 dagger; a +0 leather armour An iguana comes into view.
Found 5 gold pieces.
An iguana is nearby!
You are too injured to fight recklessly!
You slash the iguana!
The iguana is severely wounded.
You block the iguana's attack.
You barely miss the iguana.
The iguana is severely wounded.
You block the iguana's attack.
You closely miss the iguana.
The iguana is severely wounded.
You block the iguana's attack.
You closely miss the iguana.
The iguana is severely wounded.
You barely miss the iguana.
The iguana is severely wounded.
You block the iguana's attack.
You hit the iguana but do no damage.
The iguana is severely wounded.
The iguana barely misses you.
You hit the iguana but do no damage.
The iguana is severely wounded.
The iguana bites you!
You die...

, *
##......###........##.
, ,**
##......##........### +
,*#................## *
, *
,+..#..##.............#
#. , #... ###.....##..
#.. , , .... * ##...##
....# ..... ##.....###
..## ,.....###........#
., , ......l@..........
###......##..#.... ,
#...##...# ..###.. ,
... ##.......# .# .
,...#....... * * *
..............
................
,.........###... *
........## ...


You could see an iguana.

Vanquished Creatures
  2 black bears
  A necrophage (D:2)
  2 sky beasts (D:5)
  3 ogres (D:4)
  A bullfrog (D:3)
  A scorpion (D:5)
  A wyvern skeleton (D:5)
  2 bullfrog skeletons (D:4)
  2 hounds
  3 orc priests
  Ijyb (D:3)
  An iguana (D:4)
  An orc wizard (D:3)
  A hound zombie (D:5)
  4 adders
  A shadow imp (D:5)
  2 worms
  7 orcs
  3 bats (D:2)
  4 endoplasms
  3 giant cockroaches
  5 goblins
  A hobgoblin (D:3)
  3 jackals (D:4)
  4 kobolds
  5 quokkas
  6 ball pythons
  2 frilled lizards (D:2)
  3 rats (D:2)
75 creatures vanquished.

Notes
Turn   | Place    | Note
-------+----------+-------------------------------------------
     0 | D:1      | Redcow54321 the Deep Dwarf Fighter began the quest for the
                  | Orb.
     0 | D:1      | Reached XP level 1. HP: 20/20 MP: 1/1
    49 | D:1      | You fall into a shaft and drop 1 floor!
   202 | D:2      | Reached XP level 2. HP: 9/27 MP: 1/1
   227 | D:2      | Reached skill level 3 in Long Blades
   368 | D:2      | Noticed a necrophage
   380 | D:2      | Killed a necrophage
   381 | D:2      | Reached skill level 5 in Long Blades
   381 | D:2      | Reached XP level 3. HP: 16/33 MP: 2/2
   381 | D:2      | Reached XP level 4. HP: 19/40 MP: 3/3
   746 | D:3      | Reached XP level 5. HP: 34/46 MP: 4/4
   771 | D:3      | Reached skill level 6 in Long Blades
   928 | D:3      | Reached XP level 6. HP: 47/55 MP: 5/5
  1047 | D:3      | Found Jenlawn's Assorted Antiques.
  1180 | D:3      | Noticed Ijyb
  1242 | D:3      | Killed Ijyb
  1446 | D:4      | Reached skill level 7 in Long Blades
  1684 | D:4      | Reached XP level 7. HP: 25/61 MP: 5/5
  1705 | D:4      | Reached skill level 8 in Long Blades
  2010 | D:4      | Found a shimmering altar of Xom.
  2189 | D:5      | Entered Level 5 of the Dungeon
  2205 | D:5      | Found a staircase to the Ecumenical Temple.
  2224 | D:5      | Noticed Eustachio
  2261 | D:5      | Reached skill level 9 in Long Blades
  2271 | D:5      | Found Citzash's Armour Shop.
  2300 | Temple   | Entered the Ecumenical Temple
  3059 | D:5      | Reached XP level 8. HP: 18/68 MP: 4/4
  3380 | D:5      | Reached skill level 10 in Long Blades
  3503 | D:5      | Found an ancient bone altar of Kikubaaqudgha.
  3720 | D:5      | Slain by an iguana

Illustrated notes

Levels and vault maps discovered:
D:1:      erik_arrival_cave_to_civilisation [erik_arrival_cave_to_hall],
          layout_basic, ebering_ecumenical_altar_webs,
          nicolae_concentric_dashed_squares_wild
D:2:      layout_loops_ring
D:3:      layout_rooms, serial_shops, nicolae_shop_waterfront, uniq_ijyb
D:4:      layout_basic, mainiacjoe_overflow_alcove_2
D:5:      minmay_polygon_palace, layout_layer_cave, kiku_gazebo_pond_becter,
          minmay_temple_entry_grid, serial_shops, nicolae_diamond_shop,
          uniq_eustachio
Temple:   dshaligram_water_room_temple

Skill      XL: |  1  2  3  4  5  6  7  8 |
---------------+-------------------------+-----
Long Blades    | 5 6 7 9 10 | 10.2
Fighting       | |  2.6
Armour         | |  3.2
Shields        | |  3.2

Action                   |  1- 3 |  4- 6 |  7- 9 || total
-------------------------+-------+-------+-------++-------
Melee: Long sword        |    74 |   130 |   113 ||   317
       Unarmed           |       |    24 |       ||    24
 Abil: Heal Wounds       |     2 |     4 |     4 ||    10
  Use: Scroll            |       |     6 |     2 ||     8
       Potion            |       |       |     3 ||     3
Armor: Scale mail        |     3 |       |       ||     3
       Ring mail         |    24 |    46 |    38 ||   108
Dodge: Dodged            |    33 |    64 |    48 ||   145
Block: Buckler           |    13 |    29 |    22 ||    64

Table legend: (Time is in decaauts)
 A = Elapsed time spent in this place.
 B = Non-inter-level travel time spent in this place.
 C = Inter-level travel time spent in this place.
 D = Time resting spent in this place.
 E = Time spent auto-exploring this place.
 F = Levels seen in this place.
 G = Mean time per level.
                   A        B        C        D        E       F      G
               +--------+--------+--------+--------+--------+-----+--------+
         Total |   3736 |   3691 |     45 |    823 |   2072 |   6 |  622.7 |
       Dungeon |   3205 |   3160 |     45 |    309 |   2072 |   5 |  641.0 |
        Temple |    530 |    530 |      0 |    514 |      0 |   1 |  530.0 |
               +--------+--------+--------+--------+--------+-----+--------+

Top non-repeatable levels by time:
     D:5: 996 daAuts
     D:4: 862 daAuts
     D:2: 695 daAuts
     D:3: 599 daAuts
  Temple: 530 daAuts
     D:1: 51 daAuts
